Map: Mech Depot LE

Players

Yata

  • Race: Zerg Zerg
  • League: Platinum
  • Spawn Location: 1:00

SmrtAsianGuy - Winner!

  • Race: Terran Terran
  • League: Gold
  • Spawn Location: 7:00

VOD

Have the link to the VOD?

Description

Time

  • Played on: Sept. 12, 2017, 11:32 p.m.
  • Length: 21:35
Show
View Real Time Build Order
Export as new Build Order

Yata Zerg 

Build Orders: Hatch First 

Get SALT Encoding   

  12  0:00  Drone  
  13  0:25  Overlord  
  13  0:29  Drone  
  14  0:45  Drone x2  
  16  0:53  Drone  
  17  1:04  Drone  
  17  1:10  Hatchery  
  17  1:14  Drone  
  18  1:18  Extractor  
  17  1:28  Spawning Pool  
  17  1:29  Drone  
  17  1:35  Drone  
  18  1:45  Drone  
  19  2:00  Drone  
  20  2:09  Drone  
  21  2:19  Overlord  
  21  2:22  Queen  
  23  2:23  Queen  
  23  2:29  Zergling x4  
  27  2:34  Metabolic Boost  
  27  2:36  Drone  
  28  2:40  Drone  
  29  2:48  Baneling Nest  
  28  2:55  Evolution Chamber  
  27  2:58  Drone x2  
  27  2:59  Drone  
  30  3:06  Drone x2  
  32  3:14  Drone  
  32  3:17  Overlord  
  33  3:37  Drone x8  
  41  3:42  Zergling x2  
  41  3:47  Zerg Melee Weapons Level 1  
  42  3:50  Queen  
  42  3:52  Overlord  
  42  3:53  Overlord  
  44  3:58  Baneling x2  
  44  4:00  Baneling  
  44  4:10  Queen  
  44  4:13  Zergling x2  
  44  4:14  Zergling x14  
  54  4:18  Baneling  
  54  4:38  Hatchery  
  53  4:45  Lair  
  53  4:48  Extractor  
  52  5:03  Zergling x16  
  60  5:28  Zergling x2  
  60  5:29  Baneling x2  
  60  5:30  Baneling x4  
  60  5:32  Overlord x4  
  56  6:04  Zergling x10  
  56  6:05  Zergling x18  
  66  6:15  Spire  
  65  6:21  Zergling x2  
  65  6:22  Zergling x8  
  65  6:55  Extractor, Drone x11  
  65  6:56  Drone x2  
  65  6:59  Extractor  
  76  7:04  Spore Crawler  
  76  7:05  Spore Crawler  
  76  7:06  Spore Crawler x2  
  76  7:07  Spore Crawler  
  69  7:10  Spore Crawler  
  65  7:28  Corruptor x4  
  69  7:54  Mutalisk  
  69  7:55  Zergling x2  
  64  8:09  Drone x16  
  80  8:13  Corruptor  
  82  8:27  Zergling x2  
  82  8:28  Zergling x10  
  82  8:32  Queen  
  90  8:59  Overlord  
  90  9:00  Overlord x8  
  90  9:19  Extractor  
  90  9:21  Extractor  
  88  9:26  Corruptor  
  90  9:35  Infestation Pit  
  83  9:58  Drone x11  
  83  9:59  Drone x2  
  96  10:03  Corruptor  
  96  10:04  Corruptor  
  100  10:13  Zerg Flyer Weapons Level 1  
  100  10:16  Corruptor  
  100  10:21  Overlord x2  
  102  10:32  Corruptor  
  102  10:33  Corruptor  
  106  10:41  Corruptor  
  96  10:52  Corruptor x2  
  100  11:00  Extractor  
  99  11:07  Corruptor x2  
  103  11:23  Hatchery  
  103  11:24  Zergling x22  
  103  11:25  Zergling x14  
  120  11:27  Corruptor  
  120  11:28  Corruptor x2  
  126  11:35  Queen  
  126  11:39  Corruptor  
  118  12:02  Corruptor x4  
  118  12:31  Zergling x30  
  132  12:44  Corruptor x7  
  131  12:53  Corruptor  
  126  13:09  Corruptor x3, Zergling x2  
  128  13:30  Corruptor  
  128  13:31  Corruptor x3  
  132  13:35  Zergling x10  
  123  13:43  Zergling x2  
  123  13:44  Zergling x14  
  131  13:51  Zerg Flyer Weapons Level 2  
  131  13:52  Hive  
  131  13:59  Zerg Melee Weapons Level 2  
  131  14:03  Zergling x2  
  131  14:04  Zergling x6  
  131  14:09  Corruptor  
  137  14:12  Overlord x2  
  119  14:39  Corruptor  
  119  14:40  Corruptor x4  
  127  14:47  Corruptor  
  110  15:09  Zergling x2  
  110  15:10  Zergling x22  
  122  15:22  Spire  
  122  15:25  Pathogen Glands  
  122  15:26  Corruptor x2  
  122  15:27  Corruptor  
  127  15:41  Zergling x16  
  127  15:42  Zergling x4  
  137  15:44  Hatchery  
  137  15:49  Hatchery  
  126  16:07  Zergling x22  
  137  16:11  Baneling  
  137  16:12  Baneling x14  
  137  16:18  Greater Spire  
  137  16:23  Zergling x2  
  137  16:24  Zergling x6  
  141  16:35  Baneling  
  141  16:36  Baneling x8  
  141  16:38  Zergling x2  
  142  16:46  Zerg Flyer Armor Level 1  
  103  17:10  Corruptor x4  
  103  17:14  Zergling x6  
  114  17:37  Zergling x4  
  114  17:42  Hatchery  
  115  17:54  Zergling x4  
  117  18:04  Hatchery  
  116  18:13  Corruptor x3  
  120  18:28  Zergling x2  
  120  18:29  Zergling x14  
  99  19:33  Hatchery  
  98  20:11  Drone  
  96  20:14  Zergling x2  
  96  20:15  Zergling x38  
  109  20:28  Queen  
  109  20:32  Corruptor  
  109  20:33  Corruptor x4  
  122  20:42  Hatchery  
  122  20:44  Corruptor  
  122  20:45  Corruptor x2  
  115  20:53  Corruptor  
  113  21:06  Zergling x6  
  113  21:07  Zergling x2  
Show
View Real Time Build Order
Export as new Build Order

SmrtAsianGuy Terran - Winner!

Build Orders: Command Center First (CC), MMM Bio 

Get SALT Encoding   

  12  0:01  SCV  
  13  0:13  SCV  
  14  0:18  Supply Depot  
  14  0:25  SCV  
  15  0:39  SCV  
  16  0:51  SCV  
  17  1:03  SCV  
  18  1:07  Command Center  
  18  1:15  SCV  
  19  1:25  Barracks  
  19  1:29  SCV  
  20  1:35  Refinery  
  20  1:41  SCV  
  20  1:42  Refinery  
  21  1:53  SCV  
  22  2:05  Supply Depot  
  22  2:06  SCV  
  23  2:19  Orbital Command  
  23  2:21  Orbital Command  
  23  2:32  Marine  
  24  2:46  Factory  
  24  2:48  SCV x2  
  26  2:57  Supply Depot, Barracks Tech Lab  
  26  3:00  SCV x2  
  28  3:12  SCV x2  
  30  3:19  Marine  
  31  3:23  Stimpack  
  31  3:24  SCV  
  31  3:25  SCV  
  33  3:34  Factory Tech Lab  
  33  3:36  SCV  
  33  3:37  SCV, Marine  
  36  3:42  Refinery  
  36  3:45  Starport  
  36  3:48  SCV  
  36  3:49  SCV  
  36  3:52  Starport  
  36  3:55  Marine  
  38  4:00  SCV  
  38  4:02  SCV  
  41  4:12  Refinery, SCV  
  41  4:13  Marine  
  41  4:14  SCV  
  44  4:23  Starport  
  44  4:25  SCV  
  44  4:26  SCV  
  46  4:34  Command Center  
  46  4:37  SCV  
  46  4:38  SCV  
  48  4:39  Marine  
  49  4:49  Fusion Core, SCV  
  49  4:50  SCV  
  49  4:52  Supply Depot  
  51  4:55  Supply Depot  
  51  4:57  Marine, Engineering Bay  
  51  4:58  Medivac  
  51  4:59  Factory Tech Lab  
  54  5:12  Supply Depot, Starport Tech Lab  
  55  5:14  SCV x2  
  55  5:15  Marine  
  57  5:23  Combat Shields  
  57  5:26  SCV x2  
  59  5:33  Marine  
  60  5:39  Battlecruiser  
  66  5:47  SCV, Orbital Command  
  67  5:51  Marine, Battlecruiser  
  67  5:52  SCV  
  67  5:55  Weapon Refit  
  75  5:59  SCV  
  75  6:04  SCV  
  74  6:11  Marine  
  75  6:23  Supply Depot, SCV x2  
  75  6:24  Supply Depot  
  77  6:29  Command Center  
  77  6:36  SCV x3  
  77  6:38  Marine  
  73  6:48  SCV x2  
  73  6:50  SCV  
  76  6:56  Marine  
  76  6:58  Barracks, Battlecruiser  
  76  7:00  Barracks, SCV  
  84  7:15  Orbital Command  
  84  7:21  Hi-Sec Auto Tracking, Marine  
  85  7:31  Supply Depot  
  85  7:32  Armory  
  85  7:33  Supply Depot  
  85  7:34  Supply Depot  
  85  7:41  Marine, Battlecruiser  
  92  7:45  Supply Depot  
  91  7:58  Marine  
  92  8:07  Supply Depot  
  92  8:16  Marine  
  92  8:18  Terran Infantry Weapons Level 1  
  92  8:19  Marine x2  
  89  8:21  Battlecruiser  
  89  8:23  Orbital Command  
  95  8:34  Marine  
  95  8:37  Marine x2  
  98  8:41  Terran Vehicle And Ship Armor Level 1  
  98  8:45  Battlecruiser  
  98  8:47  Refinery  
  104  8:49  Refinery  
  104  8:52  Marine  
  104  8:53  Bunker  
  104  8:54  SCV  
  104  8:55  Marine x2, SCV x3, Bunker  
  111  9:10  Marine  
  111  9:12  Marine  
  111  9:13  Marine  
  114  9:25  Battlecruiser  
  114  9:27  Armory  
  118  9:49  Battlecruiser  
  124  10:00  Marine x3  
  127  10:12  Terran Infantry Armor Level 1  
  127  10:13  Factory Tech Lab, Command Center  
  127  10:15  Starport  
  127  10:16  Refinery  
  127  10:17  Refinery  
  127  10:18  Marine x3  
  127  10:21  Terran Ship Weapons Level 1  
  130  10:29  Medivac  
  132  10:58  Missile Turret  
  132  11:00  Terran Vehicle And Ship Armor Level 2  
  132  11:03  Missile Turret  
  132  11:05  Missile Turret  
  132  11:06  Missile Turret  
  132  11:11  Missile Turret  
  132  11:12  Missile Turret  
  132  11:15  Missile Turret  
  132  11:23  Bunker  
  132  11:24  Marine x3  
  132  11:25  Missile Turret x3  
  135  11:28  Missile Turret  
  135  11:29  Orbital Command  
  135  11:35  Bunker  
  135  11:36  SCV x4  
  139  11:41  Battlecruiser  
  139  11:42  Marine x2  
  139  11:46  Supply Depot  
  147  11:48  Factory Tech Lab  
  147  11:50  SCV  
  147  11:51  Supply Depot  
  147  11:53  Supply Depot, Marine  
  146  12:00  Marine x2  
  145  12:06  Building Armor  
  145  12:08  Battlecruiser  
  150  12:11  Marine  
  150  12:13  Battlecruiser  
  150  12:14  Refinery  
  157  12:18  Marine x2  
  159  12:23  Terran Ship Weapons Level 2  
  159  12:28  Marine  
  156  12:32  Command Center  
  156  12:33  Refinery  
  156  12:35  Marine x2  
  156  12:36  Refinery  
  155  12:46  Marine  
  153  13:02  Battlecruiser  
  151  13:12  Battlecruiser  
  156  13:18  Command Center  
  156  13:20  Orbital Command  
  156  13:27  Missile Turret  
  156  13:28  Missile Turret x2  
  156  13:29  Missile Turret  
  156  13:30  Missile Turret  
  156  13:31  Battlecruiser  
  156  13:33  Missile Turret  
  156  13:37  Marine x3  
  159  13:41  Missile Turret  
  159  13:43  Terran Vehicle And Ship Armor Level 3  
  159  13:46  Terran Infantry Armor Level 2  
  159  13:54  Marine x3  
  162  14:06  Battlecruiser  
  168  14:12  Marine x3  
  168  14:14  Bunker  
  168  14:16  Battlecruiser, Bunker  
  177  14:30  Marine  
  175  14:35  Battlecruiser  
  175  14:38  Refinery  
  175  14:39  Refinery  
  175  14:45  Marine x2  
  170  14:46  Bunker  
  170  14:48  Marine  
  166  15:03  Marine x2  
  166  15:06  Marine  
  167  15:11  Battlecruiser  
  167  15:21  Marine x2, Battlecruiser  
  174  15:23  Marine  
  176  15:38  Marine, Orbital Command  
  176  15:39  Marine, Battlecruiser  
  176  15:41  Marine  
  185  15:48  Barracks  
  185  15:49  Barracks  
  185  15:52  Barracks  
  185  15:53  Terran Ship Weapons Level 3  
  185  15:56  Marine  
  186  16:02  Terran Infantry Weapons Level 2  
  186  16:11  Starport  
  186  16:31  Battlecruiser x2  
  198  16:53  Command Center  
  198  16:57  Command Center  
  193  17:03  Command Center  
  167  17:12  Battlecruiser  
  173  17:39  Starport Tech Lab, Battlecruiser x2  
  185  17:56  Command Center  
  185  18:01  Refinery, Terran Vehicle Weapons Level 1  
  185  18:02  Refinery  
  185  18:04  Bunker  
  185  18:05  Bunker  
  185  18:07  Bunker  
  185  18:13  Battlecruiser  
  185  18:16  Orbital Command x3  
  185  18:18  Terran Infantry Armor Level 3  
  179  18:45  Battlecruiser  
  185  19:12  Orbital Command  
  185  19:14  Marine x3  
  188  19:23  Marine  
  189  19:55  Battlecruiser  
  195  20:09  Orbital Command  
  195  20:34  Command Center  
Tags
 
Add a new tag
Caveats
  • Supply blocks, unpowered buildings, or Contaminate may cause inaccurate times.
  • Supply counts are checked every 10 seconds.